 Dungeon Sprint DCSS version 0.29-a0-398-ge13fd1374b (webtiles) character file.

Game seed: 9281075304003766279

49 Necrotucker the Skirmisher (level 3, -1/32 HPs)
             Began as a Demonspawn Monk on May 12, 2022.
             Slain by a centaur (2 damage)
             ... in the Dungeon (Sprint IX: "|||||||||||||||||||||||||||||").
             The game lasted 00:00:34 (178 turns).

Necrotucker the Skirmisher (Demonspawn Monk)         Turns: 178, Time: 00:00:34

Health: -1/32      AC:  2    Str: 13    XL:     3   Next: 51%
Magic:  3/3        EV: 14    Int: 11    God:
Gold:   0          SH:  0    Dex: 15    Spells: 2/2 levels left

rFire   . . .      SeeInvis .     - Unarmed
rCold   . . .      Faith    .   (no shield)
rNeg    . . .      Spirit   .   a - +0 robe
rPois   .          Reflect  .   (helmet restricted)
rElec   .          Harm     .   (no cloak)
rCorr   .          Rampage  .   (no gloves)
Will    .....      NoTele   +   (no boots)
Stlth   ++........              (no amulet)
HPRegen 0.10/turn               (no ring)
MPRegen 0.08/turn               (no ring)

@: on berserk cooldown, slowed, very slow
A: horns 1, sturdy frame 1
a: no special abilities


You were in the Dungeon.
You visited 1 branch

Inventory:

Armour
 a - a +0 robe (worn)
Scrolls
 h - a scroll of blinking
Potions
 b - a potion of ambrosia
 c - a potion of curing
 d - a potion of heal wounds
 e - a potion of haste
 f - 2 potions of magic


   Skills:
 + Level 4.9 Fighting
 + Level 4.4 Dodging
 - Level 1.7 Stealth
 + Level 4.7 Unarmed Combat


You had 2 spell levels left.
You didn't know any spells.
Your spell library was empty.

Dungeon Overview and Level Annotations

Branches:
Dungeon (1/1)

Altars:


Innate Abilities, Weirdness & Mutations

You have a pair of small horns on your head.
Your movements are slightly less encumbered by armour. (ER -2)


Message History

You barely miss the gnoll.
The gnoll is almost dead.
The gnoll hits you with a +0 whip.
You barely miss the gnoll. You headbutt the gnoll.
You kill the gnoll!
The centaur wields a +0 shortbow.
The centaur shoots an arrow.
The arrow hits you!
* * * LOW HITPOINT WARNING * * *
You are no longer berserk.
You are exhausted.
You feel yourself slow down.
The centaur unwields a +0 shortbow.
The centaur hits you.
* * * LOW HITPOINT WARNING * * *
The centaur barely misses you.
There is an open door here.
Things that are here:
a +0 whip; an iguana corpse; a jackal corpse You barely miss the centaur.
The centaur barely misses you. The centaur kicks you.
* * * LOW HITPOINT WARNING * * *
The centaur closely misses you. The centaur misses you.
You hit the centaur.
The centaur is lightly wounded.
The centaur barely misses you.
The centaur kicks you but does no damage.
The centaur barely misses you. The centaur kicks you.
* * * LOW HITPOINT WARNING * * *
You hit the centaur but do no damage. Your punch misses the centaur.
The centaur is lightly wounded.
The centaur closely misses you. x3
The centaur kicks you but does no damage.
You hit the centaur.
The centaur is lightly wounded.
The centaur closely misses you. The centaur kicks you.
* * * LOW HITPOINT WARNING * * *
The centaur closely misses you. The centaur barely misses you.
You hit the centaur.
The centaur is moderately wounded.
The centaur closely misses you. The centaur kicks you.
You die... ▓▓▓▓▓▓▓▓▓▓▓▓▓▓▓▓▓▓ +....c@....†'...<▓ ▓▓▓▓▓▓▓▓▓▓▓▓▓▓▓▓▓▓

You could see a centaur.

Vanquished Creatures
  An iguana (D)
  A gnoll (D)
  A white imp (D)
  2 endoplasms (D)
  A giant cockroach (D)
  A jackal (D)
  2 rats (D)
9 creatures vanquished.

Notes
Turn   | Place    | Note
-------+----------+-------------------------------------------
     0 | D        | Necrotucker the Demonspawn Monk began the quest for the
                  | Orb.
     0 | D        | Reached XP level 1. HP: 18/18 MP: 1/1
   156 | D        | Noticed a centaur
   156 | D        | Noticed an iguana
   161 | D        | Gained mutation: You have a pair of small horns on your
                  | head. [demonic ancestry]
   161 | D        | Reached XP level 2. HP: 25/25 MP: 2/2
   169 | D        | Gained mutation: Your movements are slightly less
                  | encumbered by armour. (ER -2) [demonic ancestry]
   169 | D        | Reached XP level 3. HP: 25/31 MP: 3/3
   177 | D        | HP: 1/32 [centaur (2)]
   178 | D        | Slain by a centaur

Illustrated notes

Levels and vault maps discovered:
D:        linesprint [early_d, line_temple, items_1, d_10, items_2, lair_1,
          lair_end, items_3, orc_1, orc_end, items_4, d_15, swamp_1, shoals_1,
          snake_1, spider_1, d_20, vaults_1, items_5, swamp_end, shoals_end,
          snake_end, spider_end, vaults_end, d_27, items_6, zot_1, zot_end,
          crypt_end, forest_end, elf_end, slime_end, tomb_end, abyss_end,
          pan_hell_end]

Skill      XL: |  1  2 |
---------------+-------+-----
Dodging        | 3 4 |  4.4
Unarmed Combat | 3 4 |  4.7
Fighting       | 4 |  4.9
Stealth        | |  1.7

Action                   || total
-------------------------++-------
Melee: Unarmed           ||    36
       Punch             ||     2
       Headbutt          ||     3
  Use: Potion            ||     1
 Stab: Sleeping          ||     1
Armor: Robe              ||     4
Dodge: Dodged            ||    17

Table legend: (Time is in decaauts)
 A = Elapsed time spent in this place.
 B = Non-inter-level travel time spent in this place.
 C = Inter-level travel time spent in this place.
 D = Time resting spent in this place.
 E = Time spent auto-exploring this place.
 F = Levels seen in this place.
 G = Mean time per level.
                   A        B        C        D        E       F      G
               +--------+--------+--------+--------+--------+-----+--------+
         Total |    173 |    173 |      0 |    130 |      0 |   1 |  173.0 |
       Dungeon |    173 |    173 |      0 |    130 |      0 |   1 |  173.0 |
               +--------+--------+--------+--------+--------+-----+--------+

Top non-repeatable levels by time:
       D: 173 daAuts
